General information
- name: BNet
- type: Ladder team game (AT/RT)
- host: Battle.net
- saver: 3v4
map: TwilightRuins
- players: 8
- length: 27:41
- speed: Fast
- version: 1.28 W3XP
- replay type: Public
» download(214 KB)
Players
team 1 (winner)

»
Occident (
teal | 58 APM | 1605 actions | 27:41)
7 Dreadlord
2 Sleep
3 Vampiric Aura
1 Inferno
1 Carrion Swarm
6 Death Knight
2 Death Coil
3 Unholy Aura
1 Animate Dead
» actions
| Assign group hotkey | 52 | |
| Basic commands | 61 | |
| Build / train | 83 | |
| Enter build submenu | 21 | |
| Enter hero's abilities submenu | 14 | |
| Give item / drop item | 2 | |
| Remove unit from queue | 1 | |
| Right click | 499 | |
| Select / deselect | 302 | |
| Select group hotkey | 490 | |
| Use ability | 80 | |
1605 total
» units
| Acolyte | 10 | |
| Ghoul | 5 | |
| Crypt Fiend | 11 | |
| Goblin Shredder | 1 | |
| Frost Wyrm | 12 | |
| Makrura Deepseer | 1 | |
40 total
» upgrades
| Unholy Strength | 1 | |
| Creature Attack | 3 | |
| Creature Carapace | 3 | |
| Web | 1 | |
| Burrow | 1 | |
| Unholy Armor | 2 | |
| Freezing Breath | 1 | |
| Ghoul Frenzy | 1 | |
13 total
» buildings
| Ziggurat | 8 | |
| Crypt | 1 | |
| Altar of Darkness | 1 | |
| Graveyard | 1 | |
| Nerubian Tower | 2 | |
| Tomb of Relics | 1 | |
| Spirit Tower | 4 | |
| Halls of the Dead | 1 | |
| Sacrificial Pit | 1 | |
| Black Citadel | 1 | |
| Boneyard | 2 | |
| Necropolis | 2 | |
25 total
» build order
00:13 Ziggurat
00:17 Crypt
00:38 Altar of Darkness
00:50 Graveyard
01:15 Ziggurat
01:49 Nerubian Tower
02:12 Tomb of Relics
02:52 Spirit Tower
03:37 Halls of the Dead
04:37 Ziggurat
04:56 Ziggurat
05:55 Ziggurat
06:28 Sacrificial Pit
06:51 Nerubian Tower
06:52 Spirit Tower
07:12 Black Citadel
07:48 Black Citadel
08:08 Spirit Tower
08:52 Ziggurat
10:15 Boneyard
10:19 Boneyard
10:52 Ziggurat
11:09 Ziggurat
11:11 Necropolis
24:59 Spirit Tower
25:41 Necropolis
» items
| Sacrificial Skull | 1 | |
| Scroll of Town Portal | 4 | |
| Boots of Speed | 1 | |
6 total
PPY (
red | 67 APM | 1864 actions | 27:41)
7 Blademaster
3 Wind Walk
3 Critical Strike
1 Bladestorm
» actions
| Assign group hotkey | 11 | |
| Basic commands | 37 | |
| Build / train | 85 | |
| Enter build submenu | 16 | |
| Enter hero's abilities submenu | 7 | |
| Give item / drop item | 3 | |
| Right click | 1076 | |
| Select / deselect | 420 | |
| Select group hotkey | 90 | |
| Use ability | 119 | |
1864 total
» units
» upgrades
| Ranged Weapons | 3 | |
| Spiked Barricades | 2 | |
| Liquid Fire | 1 | |
| Reinforced Defenses | 1 | |
7 total
» buildings
| War Mill | 1 | |
| Orc Burrow | 4 | |
| Altar of Storms | 1 | |
| Voodoo Lounge | 1 | |
| Watch Tower | 6 | |
| Stronghold | 1 | |
| Fortress | 1 | |
| Beastiary | 3 | |
18 total
» build order
00:09 War Mill
00:17 Orc Burrow
00:52 Altar of Storms
01:25 Voodoo Lounge
02:08 Watch Tower
02:24 Watch Tower
03:04 Watch Tower
03:07 Watch Tower
04:06 Stronghold
04:35 Orc Burrow
04:37 Orc Burrow
06:30 Fortress
06:34 Beastiary
06:38 Beastiary
07:17 Orc Burrow
12:14 Watch Tower
12:20 Watch Tower
13:33 Beastiary
» items
| Healing Salve | 3 | |
| Lesser Clarity Potion | 8 | |
| Boots of Speed | 1 | |
| Staff of Teleportation | 1 | |
| Potion of Healing | 5 | |
| Orb of Lightning | 1 | |
| Potion of Lesser Invulnerability | 2 | |
| Potion of Mana | 2 | |
23 total
Bloody_Warstar (
pink | 71 APM | 1965 actions | 27:41)
6 Warden
3 Shadow Strike
2 Blink
1 Spirit of Vengeance
5 Priestess of the Moon
3 Trueshot Aura
2 Scout
» actions
| Assign group hotkey | 24 | |
| Basic commands | 15 | |
| Build / train | 87 | |
| Enter build submenu | 17 | |
| Enter hero's abilities submenu | 11 | |
| Give item / drop item | 1 | |
| Right click | 922 | |
| Select / deselect | 496 | |
| Select group hotkey | 345 | |
| Use ability | 47 | |
1965 total
» units
| Wisp | 20 | |
| Archer | 21 | |
| Druid of the Talon | 3 | |
| Hippogryph | 13 | |
| Glaive Thrower | 2 | |
59 total
» upgrades
| Ultravision | 1 | |
| Strength of the Moon | 2 | |
| Moon Armor | 2 | |
| Improved Bows | 1 | |
| Druid of the Talon Training | 1 | |
| Hippogryph Taming | 1 | |
| Marksmanship | 1 | |
| Well Spring | 1 | |
| Vorpal Blades | 1 | |
11 total
» buildings
| Altar of Elders | 1 | |
| Moon Well | 7 | |
| Ancient of War | 2 | |
| Hunter's Hall | 1 | |
| Tree of Ages | 1 | |
| Ancient of Wind | 2 | |
| Tree of Life | 3 | |
| Ancient of Wonders | 1 | |
| Tree of Eternity | 1 | |
19 total
» build order
00:19 Altar of Elders
00:33 Moon Well
00:46 Ancient of War
01:38 Moon Well
02:06 Ancient of War
02:33 Moon Well
03:23 Hunter's Hall
04:28 Moon Well
05:30 Tree of Ages
06:38 Moon Well
07:59 Ancient of Wind
08:31 Tree of Life
10:07 Ancient of Wind
11:35 Moon Well
11:36 Moon Well
13:38 Ancient of Wonders
14:34 Tree of Eternity
14:57 Tree of Life
22:51 Tree of Life
» items
Eye0fTheSt0rm (
green | 36 APM | 1000 actions | 27:41)
10 Tauren Chieftain
3 War Stomp
3 Endurance Aura
1 Reincarnation
3 Shockwave
» actions
| Basic commands | 2 | |
| Build / train | 95 | |
| Enter build submenu | 34 | |
| Enter hero's abilities submenu | 10 | |
| Give item / drop item | 5 | |
| Remove unit from queue | 1 | |
| Right click | 312 | |
| Select / deselect | 384 | |
| Use ability | 157 | |
1000 total
» units
| Peon | 7 | |
| Troll Headhunter/Berserker | 6 | |
| Goblin Shredder | 1 | |
| Kodo Beast | 2 | |
| Tauren | 6 | |
| Shaman | 6 | |
| Troll Witch Doctor | 3 | |
| Spirit Walker | 1 | |
32 total
» upgrades
| Armor | 3 | |
| Shaman Training | 2 | |
| Berserker Upgrade | 1 | |
| Troll Regeneration | 1 | |
| War Drums Damage Increase | 1 | |
| Melee Weapons | 3 | |
| Pulverize | 1 | |
| Witch Doctor Training | 2 | |
| Burning Oil | 1 | |
| Ranged Weapons | 3 | |
| Reinforced Defenses | 1 | |
| Spirit Walker Training | 2 | |
| Spiked Barricades | 1 | |
| Pillage | 1 | |
23 total
» buildings
| Orc Burrow | 6 | |
| War Mill | 2 | |
| Altar of Storms | 1 | |
| Voodoo Lounge | 1 | |
| Stronghold | 1 | |
| Barracks | 2 | |
| Watch Tower | 7 | |
| Fortress | 2 | |
| Spirit Lodge | 2 | |
| Beastiary | 1 | |
| Tauren Totem | 2 | |
| Great Hall | 4 | |
31 total
» build order
00:09 Orc Burrow
00:13 War Mill
01:16 Altar of Storms
02:02 Voodoo Lounge
02:11 Orc Burrow
02:38 Stronghold
02:54 Barracks
03:07 Watch Tower
03:45 Barracks
04:19 Watch Tower
05:01 Fortress
05:01 Fortress
05:10 Orc Burrow
05:45 Spirit Lodge
06:13 Orc Burrow
07:07 Beastiary
09:43 Tauren Totem
09:58 Great Hall
13:01 War Mill
13:06 Watch Tower
14:11 Watch Tower
15:23 Watch Tower
16:33 Tauren Totem
17:13 Spirit Lodge
17:58 Orc Burrow
18:57 Orc Burrow
20:03 Watch Tower
20:55 Great Hall
21:12 Watch Tower
24:13 Great Hall
27:16 Great Hall
» items
| Healing Salve | 6 | |
| Lesser Clarity Potion | 7 | |
| Boots of Speed | 1 | |
| Scroll of Town Portal | 5 | |
| Pendant of Energy | 1 | |
| Orb of Lightning | 1 | |
| Talisman of Evasion | 1 | |
22 total
team 2 (loser)

»
TaaZz (
orange | 59 APM | 1422 actions | 24:07)
6 Mountain King
3 Storm Bolt
2 Bash
1 Avatar
1 Paladin
1 Holy Light
» actions
| Assign group hotkey | 34 | |
| Basic commands | 67 | |
| Build / train | 79 | |
| Enter build submenu | 24 | |
| Enter hero's abilities submenu | 7 | |
| Give item / drop item | 2 | |
| Right click | 434 | |
| Select / deselect | 364 | |
| Select group hotkey | 350 | |
| Use ability | 61 | |
1422 total
» units
| Peasant | 10 | |
| Rifleman | 19 | |
| Mortar Team | 8 | |
| Flying Machine | 10 | |
47 total
» upgrades
| Gunpowder | 2 | |
| Armor | 2 | |
| Flak Cannons | 1 | |
5 total
» buildings
| Altar of Kings | 1 | |
| Farm | 10 | |
| Blacksmith | 1 | |
| Barracks | 1 | |
| Arcane Vault | 1 | |
| Lumber Mill | 1 | |
| Keep | 1 | |
| Town Hall | 1 | |
| Workshop | 2 | |
| Scout Tower | 5 | |
| Guard Tower | 2 | |
| Arcane Tower | 1 | |
| Castle | 1 | |
28 total
» build order
00:28 Altar of Kings
00:40 Farm
00:57 Blacksmith
01:26 Barracks
01:37 Farm
02:20 Arcane Vault
02:31 Lumber Mill
02:59 Farm
03:27 Farm
03:42 Farm
03:59 Keep
05:21 Farm
06:46 Town Hall
07:23 Workshop
07:26 Workshop
08:56 Scout Tower
09:07 Farm
09:25 Scout Tower
09:29 Scout Tower
09:33 Scout Tower
09:38 Guard Tower
09:56 Farm
10:00 Scout Tower
10:02 Guard Tower
10:06 Arcane Tower
17:04 Farm
17:07 Farm
19:26 Castle
» items
| Scroll of Regeneration | 6 | |
| Lesser Clarity Potion | 3 | |
| Scroll of Town Portal | 3 | |
| Dust of Appearance | 1 | |
13 total
KamilPL (
yellow | 56 APM | 1512 actions | 26:57)
5 Priestess of the Moon
2 Searing Arrows
3 Trueshot Aura
» actions
| Assign group hotkey | 139 | |
| Basic commands | 74 | |
| Build / train | 91 | |
| ESC pressed | 2 | |
| Enter build submenu | 52 | |
| Enter hero's abilities submenu | 5 | |
| Remove unit from queue | 10 | |
| Right click | 503 | |
| Select / deselect | 455 | |
| Select group hotkey | 102 | |
| Use ability | 78 | |
1512 total
» units
| Wisp | 44 | |
| Archer | 4 | |
| Hippogryph | 16 | |
| Chimaera | 4 | |
68 total
» upgrades
| Strength of the Wild | 2 | |
| Reinforced Hides | 1 | |
| Corrosive Breath | 1 | |
4 total
» buildings
| Altar of Elders | 1 | |
| Moon Well | 5 | |
| Ancient of War | 1 | |
| Ancient of Wonders | 5 | |
| Tree of Ages | 2 | |
| Tree of Life | 3 | |
| Hunter's Hall | 2 | |
| Ancient of Wind | 2 | |
| Ancient Protector | 17 | |
| Tree of Eternity | 1 | |
| Chimaera Roost | 3 | |
42 total
» build order
00:21 Altar of Elders
00:33 Moon Well
00:59 Ancient of War
02:00 Ancient of Wonders
03:25 Tree of Ages
03:42 Tree of Life
04:41 Tree of Life
05:29 Tree of Life
05:53 Moon Well
05:55 Moon Well
07:16 Hunter's Hall
07:44 Ancient of Wind
09:04 Ancient Protector
09:07 Ancient Protector
09:21 Tree of Eternity
10:03 Ancient Protector
10:10 Ancient Protector
10:26 Ancient Protector
10:36 Ancient Protector
10:39 Ancient Protector
12:20 Hunter's Hall
13:07 Chimaera Roost
13:09 Chimaera Roost
13:11 Chimaera Roost
13:52 Ancient Protector
13:57 Ancient Protector
14:41 Ancient Protector
14:43 Ancient Protector
14:48 Ancient Protector
16:09 Ancient of Wonders
16:11 Ancient of Wonders
16:31 Ancient of Wonders
16:34 Ancient of Wonders
17:13 Ancient of Wind
18:49 Ancient Protector
18:52 Ancient Protector
20:26 Ancient Protector
20:30 Ancient Protector
20:31 Ancient Protector
21:00 Moon Well
21:01 Moon Well
BM=Beast_Master (
purple | 112 APM | 3096 actions | 27:33)
7 Priestess of the Moon
3 Searing Arrows
3 Trueshot Aura
1 Starfall
5 Demon Hunter
2 Mana Burn
3 Evasion
» actions
| Assign group hotkey | 96 | |
| Basic commands | 1 | |
| Build / train | 150 | |
| Enter build submenu | 17 | |
| Enter hero's abilities submenu | 12 | |
| Give item / drop item | 20 | |
| Right click | 1162 | |
| Select / deselect | 428 | |
| Select group hotkey | 1071 | |
| Use ability | 139 | |
3096 total
» units
| Wisp | 26 | |
| Archer | 23 | |
| Hippogryph | 24 | |
73 total
» upgrades
| Ultravision | 1 | |
| Strength of the Moon | 3 | |
| Moon Armor | 3 | |
| Improved Bows | 1 | |
| Nature's Blessing | 1 | |
| Hippogryph Taming | 1 | |
| Well Spring | 1 | |
| Marksmanship | 1 | |
| Strength of the Wild | 3 | |
| Reinforced Hides | 3 | |
18 total
» buildings
| Moon Well | 9 | |
| Altar of Elders | 1 | |
| Ancient of War | 2 | |
| Ancient of Wonders | 1 | |
| Tree of Life | 1 | |
| Tree of Ages | 1 | |
| Hunter's Hall | 1 | |
| Tree of Eternity | 2 | |
| Ancient of Wind | 2 | |
20 total
» build order
00:30 Moon Well
00:44 Altar of Elders
00:59 Ancient of War
01:50 Moon Well
02:14 Ancient of War
02:26 Ancient of Wonders
02:42 Moon Well
03:58 Tree of Life
04:32 Tree of Ages
04:59 Hunter's Hall
07:27 Tree of Eternity
07:27 Tree of Eternity
07:39 Ancient of Wind
07:42 Ancient of Wind
08:14 Moon Well
08:17 Moon Well
08:21 Moon Well
24:54 Moon Well
25:18 Moon Well
25:23 Moon Well
» items
| Boots of Speed | 4 | |
| Dust of Appearance | 1 | |
| Staff of Preservation | 2 | |
| Potion of Healing | 5 | |
| Scroll of Town Portal | 5 | |
| Potion of Invulnerability | 2 | |
| Orb of Venom | 2 | |
| Health Stone | 1 | |
| Anti-magic Potion | 2 | |
| Book of the Dead | 1 | |
| Orb of Lightning | 1 | |
| Potion of Lesser Invulnerability | 1 | |
| Periapt of Vitality | 1 | |
| Healing Wards | 1 | |
29 total
3v4 (
blue | 47 APM | 1289 actions | 27:41)
6 Tauren Chieftain
2 Endurance Aura
3 Shockwave
1 Reincarnation
» actions
| Assign group hotkey | 26 | |
| Basic commands | 13 | |
| Build / train | 69 | |
| Enter build submenu | 46 | |
| Enter hero's abilities submenu | 6 | |
| Give item / drop item | 9 | |
| Remove unit from queue | 1 | |
| Right click | 550 | |
| Select / deselect | 264 | |
| Select group hotkey | 132 | |
| Use ability | 172 | |
1289 total
» units
| Peon | 10 | |
| Goblin Shredder | 1 | |
| Goblin Zeppelin | 3 | |
| Goblin Sapper | 2 | |
| Troll Batrider | 15 | |
31 total
» upgrades
| Reinforced Defenses | 1 | |
| Ranged Weapons | 3 | |
| Armor | 2 | |
| Liquid Fire | 1 | |
| Troll Regeneration | 1 | |
8 total
» buildings
| Altar of Storms | 1 | |
| Orc Burrow | 3 | |
| War Mill | 1 | |
| Watch Tower | 34 | |
| Stronghold | 1 | |
| Fortress | 1 | |
| Voodoo Lounge | 1 | |
| Great Hall | 1 | |
| Beastiary | 6 | |
| Barracks | 1 | |
50 total
» build order
00:26 Altar of Storms
00:36 Orc Burrow
01:11 War Mill
02:23 Watch Tower
02:31 Watch Tower
02:47 Watch Tower
02:55 Watch Tower
03:13 Watch Tower
03:28 Watch Tower
03:51 Watch Tower
05:50 Stronghold
06:53 Watch Tower
06:54 Watch Tower
06:55 Watch Tower
06:58 Watch Tower
07:01 Watch Tower
07:07 Watch Tower
07:08 Watch Tower
07:18 Watch Tower
07:20 Watch Tower
07:27 Watch Tower
07:35 Watch Tower
07:41 Watch Tower
08:52 Fortress
08:59 Voodoo Lounge
11:36 Great Hall
12:10 Watch Tower
12:10 Watch Tower
12:11 Watch Tower
12:11 Watch Tower
13:23 Watch Tower
13:23 Watch Tower
14:56 Orc Burrow
16:06 Watch Tower
16:06 Watch Tower
16:06 Watch Tower
16:07 Watch Tower
16:07 Watch Tower
16:09 Watch Tower
16:09 Watch Tower
16:10 Watch Tower
16:11 Watch Tower
18:45 Beastiary
18:47 Beastiary
18:49 Beastiary
19:00 Beastiary
19:03 Beastiary
19:05 Beastiary
19:09 Orc Burrow
20:52 Barracks
» items
| Boots of Speed | 1 | |
| Periapt of Vitality | 1 | |
| Staff of Teleportation | 1 | |
| Potion of Invisibility | 2 | |
| Potion of Healing | 3 | |
| Healing Salve | 3 | |
| Pendant of Energy | 1 | |
| Lesser Clarity Potion | 2 | |
| Potion of Mana | 1 | |
| Orb of Lightning | 1 | |
| Scroll of Town Portal | 3 | |
19 total
Chat log
(00:09 / Allies) KamilPL: afk
(00:10 / Allies) TaaZz: hi
(00:15 / Allies) KamilPL: he troll
(00:18 / Allies) TaaZz: fuck
(00:20 / Allies) TaaZz: go mass
(00:21 / Allies) TaaZz: 1 hit
(00:31 / Allies) KamilPL: lol?
(00:46 / Allies) TaaZz: he is there
(06:24 / Allies) KamilPL: fuck ashole no units
(06:25 / All) 3v4: beat it, fag
(06:34 / All) 3v4: scram
(07:32 / Allies) KamilPL: big nooob
(07:59 / All) KamilPL: FUCK NOOB
(08:00 / Allies) TaaZz: srsly? xd
(08:01 / Allies) 3v4: u mirin?
(11:06 / Allies) KamilPL: wtf
(11:12 / Allies) KamilPL: are he doing
(11:45 / Allies) TaaZz: wood pls
(12:45 / Allies) KamilPL: he lose game for us
(14:26 / Allies) TaaZz: blue could u make some units?
(14:34 / Allies) KamilPL: swe lose
(14:36 / Allies) KamilPL: all atack me
(14:42 / Allies) TaaZz: purp tp
(14:55 / Allies) KamilPL: FUCK BITH
(15:23 / All) KamilPL: FUCK BITH BLUE 0 UNITS
(15:43 / All) 3v4: hax
(16:49 / Allies) TaaZz: not bad
(16:51 / Allies) TaaZz: 3 v 4
(17:01 / Allies) KamilPL: wood somone_
(17:07 / Allies) KamilPL: I need wod
(17:09 / Allies) KamilPL: wood
(17:28 / All) 3v4: teal mhs lol
(18:14 / Allies) 3v4: teal really mhs
(19:29 / Allies) KamilPL: nooob
(19:34 / Allies) 3v4: yes you are lol
(19:43 / All) TaaZz: u re totally idiot blue xd
(19:47 / All) KamilPL: FUCK BLUE UDUIT
(19:48 / All) KamilPL: NOOB
(19:53 / All) KamilPL: 0 UNTIS FUCK TRoLL
(19:54 / All) Eye0fTheSt0rm: blue best player
(19:59 / All) TaaZz: sure xd
(20:06 / All) KamilPL: FUCK BIT
(20:12 / All) KamilPL: WHY THAT PPL IN W3 FUCK
(20:16 / All) KamilPL: BAN FOREVer
(20:20 / All) 3v4: why you tech on edge
(20:28 / All) 3v4: to chim
(20:30 / All) 3v4: with 3v4? LOL
(20:36 / All) 3v4: then whine
(20:42 / All) TaaZz: just stfu blue
(20:44 / All) TaaZz: u play nothing
(20:45 / All) 3v4: lol
(20:48 / All) TaaZz: u have tc lvl 3
(20:50 / All) KamilPL: FUCK BITH BLUE IDIOT
(20:57 / All) 3v4: *4
(21:00 / All) Eye0fTheSt0rm: no lvl 7
(21:11 / All) KamilPL: SHUT UP FUCK PUSSY ! !!
(21:23 / All) Eye0fTheSt0rm: mimimi
(21:38 / All) KamilPL: FUCK IDIOT
(22:00 / All) Eye0fTheSt0rm: you with mass towers xD
(22:31 / All) KamilPL: FUCK BLUE IDIOT AND NOOB
(22:34 / All) 3v4: lol
(22:54 / All) KamilPL: FUCK TROLL WHY I CANT KILL YOU -_-
(23:08 / All) KamilPL: BITH AND TROLL
(24:22 / All) KamilPL: FUCK BLUE IDIOT WHY NOT BAN THAT noob
(24:25 / All) 3v4: lol
(24:31 / All) KamilPL: BAN FOR IP
(24:35 / All) Eye0fTheSt0rm: stop cry
(24:52 / All) Eye0fTheSt0rm: maybe dont tech... to much towers
(25:36 / All) KamilPL: I send this game for Blizzard and I wont to see whot hepend
(25:40 / All) 3v4: LOL
(27:39 / All) 3v4: gg noob team!!!!!